 Dungeon Crawl Stone Soup version bcrawl-1.40.2 (webtiles) character file.

Game seed: 2758755196136238447

358496 kosoiffoigrumme1174 the Nimble (level 10, 0/64 HPs)
             Began as a Twilight Stalker Monk on Nov 7, 2023.
             Was a Priest of Okawaru.
             Succumbed to a killer bee's poison
             ... on level 7 of the Dungeon.
             The game lasted 00:13:37 (6303 turns).

kosoiffoigrumme1174 the Nimble (VSMo)               Turns: 6303, Time: 00:13:37

Health: 0/64       AC: 13    Str: 17    XL:     10   Next: 31%
Magic:  0/12       EV: 13    Int: 11    God:    Okawaru [***...]
Gold:   438        SH:  0    Dex: 19    Spells: 9/9 levels left

rFire    . . .     GDR:     30% a - +0 war axe
rCold    . . .     SeeInvis .   (no shield)
rNeg     . . .     Gourm    .   B - +0 chain mail
rPois    .         Faith    .   z - +2 helmet
rElec    .         Spirit   +   (no cloak)
rCorr    .         Reflect  .   (no gloves)
MR       +....                  r - +0 pair of boots
Stlth    ++++......             d - amulet of guardian spirit
HPRegen  0.60/turn              y - ring of the Octopus King {AC+1 EV+1 Str+1 Int+1 Dex+1 Stlth++}
MPRegen  0.13/turn              (no ring)

@: lethally poisoned (0 -> -1), hasted, very quick
A: fangs 3, nightstalker 1, regeneration 1, no potion heal 3, rot immunity,
draining bite, strong jaws, assimilated armour
a: Heroism, Renounce Religion


You were on level 7 of the Dungeon.
You worshipped Okawaru.
Okawaru was most pleased with you.
You were hungry.

You visited 2 branches of the dungeon, and saw 9 of its levels.

You collected 648 gold pieces.
You spent 210 gold pieces at shops.

Inventory:

Hand Weapons
 a - a +0 war axe (weapon)
 b - a +1 short sword of electrocution
Missiles
 q - 122 poisoned tomahawks (quivered)
Armour
 r - a +0 pair of boots (worn)
 z - a +2 helmet (worn)
 B - a +0 chain mail (worn)
Jewellery
 d - an amulet of guardian spirit (around neck)
 y - a ring of the Octopus King (left hand) {AC+1 EV+1 Str+1 Int+1 Dex+1 Stlth++}
   (You found it on level 5 of the Dungeon)

   [ring of stealth]

   It affects your AC (+1).
   It affects your evasion (+1).
   It affects your strength (+1).
   It affects your intelligence (+1).
   It affects your dexterity (+1).
   It makes you much more stealthy.
Wands
 l - a wand of flame (17)
 t - a wand of acid (15)
 A - a wand of iceblast (18)
Scrolls
 f - 2 scrolls of remove curse
 h - a scroll of revelation {unknown}
 i - a scroll of fear {unknown}
 j - 4 scrolls of teleportation
 k - 2 scrolls of amnesia {unknown}
 p - a scroll of fog
 w - a scroll of immolation {unknown}
 x - a scroll of blinking {unknown}
Potions
 c - 2 potions of might
 n - 2 potions of lignification
 o - 2 potions of haste
 s - a potion of resistance {unknown}
 u - 4 potions of curing
 C - a potion of magic {unknown}
 D - a potion of heal wounds {unknown}
Comestibles
 e - 14 rations {!d}


   Skills:
 + Level 8.3 Fighting
 - Level 2.6 Axes
 + Level 9.9 Dodging
 - Level 3.0 Stealth
 + Level 8.4 Unarmed Combat
 - Level 2.0 Invocations


You had 9 spell levels left.
You didn't know any spells.
Your spell library contained the following spells:

 Spells                   Type           Power        Failure   Level  Hunger
 Magic Dart               Conj           #...         100%        1    None
 Slow                     Hex            #.......     100%        1    None
 Blink                    Tloc           N/A          100%        2    ####...
 Call Imp                 Summ           #.....       100%        2    ####...
 Ensorcelled Hibernation  Hex/Ice        #.....       100%        2    ####...
 Searing Ray              Conj           #.......     100%        2    ####...
 Confuse                  Hex            #.......     100%        3    #####..
 Conjure Flame            Conj/Fire      #.......     100%        3    #####..
 Dazzling Orbs            Conj/Hex       #......      100%        3    #####..
 Iskenderun's Mystic Bla  Conj           #.......     100%        3    #####..
 Mephitic Cloud           Conj/Pois/Air  #.......     100%        3    #####..
 Spider Form              Tmut/Pois      #..          100%        3    #####..
 Tukima's Dance           Hex            #.......     100%        3    #####..
 Cause Fear               Hex            #.........   100%        4    ######.
 Fulminant Prism          Conj/Hex       #.........   100%        4    ######.
 Irradiate                Conj/Tmut      #.........   100%        5    #######


Dungeon Overview and Level Annotations

Branches:
Dungeon (8/12)             Temple (1/1) D:6
   Lair: D:7-9          Orc: D:8-11

Altars:
Ashenzari
Cheibriados
Dithmenos
Elyvilon
Fedhas
Gozag
Hepliaklqana
Kikubaaqudgha
Lugonu
Makhleb
Nemelex Xobeh
Okawaru
Qazlal
Ru
Sif Muna
Trog
Uskayaw
Vehumet
Wu Jian
Xom
Yredelemnul
Zin
The Shining One

Shops:
D:6 *   D:7 =


Innate Abilities, Weirdness & Mutations

You have razor-sharp teeth.
You are slightly more attuned to the shadows.
Your natural rate of healing is unusually fast.
Potions cannot restore your health.
You are immune to rotting.
Your bite drains your enemy's life force.
Your bites deal extra damage.
Your stealth is less affected by armour.


Message History

The killer bee poisons you! The hippogriff completely misses you.
The hippogriff pecks you but does no damage.
The hippogriff misses you.
The killer bee stings you but does no damage.
The hippogriff flaps its wings!
You are blown backwards!
* * * LOW HITPOINT WARNING * * *
You feel sick.
The killer bee stings you but does no damage.
Your system rejects the healing.
You feel better. The killer bee stings you.
* * * LOW HITPOINT WARNING * * *
You are poisoned.
The killer bee poisons you! The killer bee misses you.
You feel yourself speed up.
You feel sick. The killer bee stings you.
* * * LOW HITPOINT WARNING * * *
The hippogriff bites you.
The hippogriff pecks you but does no damage.
The hippogriff barely misses you.
The killer bee stings you but does no damage.
You die...

...............##.#[##...<.......
...#.......#....#.#[[#####.......
##....##...#.####..(...# ##.#.###
............## ##.#.#.## #....##
#.....#.....## #......#####..)#
#.##.........# #.#.#....(......
#..........#(#####H......#######.
.............#....y>......# #.
#.[.............@##.#####.# ##.
...#................# ###§§##..
#.....#....#.#.#.#..# ##§§§W#..
#.#........)........###########..
#.....#...#..#.#.#.....##.._..#.#
...#))....#............#........#
##.#.###..#..#.#.#.....#......÷.#
...#......##...........#..._..###
#........########.##...######## #


You could see a hippogriff and a killer bee.

Vanquished Creatures
  Joseph (D:7)
  A hippogriff (D:7)
  A hungry ghost (D:5)
  2 crocodiles (D:7)
  2 orc warriors (D:7)
  4 sky beasts
  2 ogres
  2 phantoms (D:7)
  2 kobold brigands (D:7)
  3 bullfrogs
  6 centaurs
  3 scorpions
  4 killer bees (D:8)
  10 wights
  6 howler monkeys
  3 crimson imps (D:4)
  A bullfrog skeleton (D:5)
  A hound (D:5)
  7 orc wizards
  3 iguanas
  Natasha (D:4)
  5 worker ants
  A hound zombie (D:5)
  A worker ant zombie (D:7)
  8 adders
  A gnoll (D:4)
  A shadow imp (D:5)
  An ooze (D:6)
  3 adder zombies
  4 worms
  11 dart slugs
  2 leopard geckos
  22 orcs
  4 bats
  A giant cockroach (D:2)
  5 goblins
  7 hobgoblins
  12 jackals
  17 kobolds
  2 quokkas
  5 frilled lizards
  A quokka zombie (D:4)
  5 rats
184 creatures vanquished.

Notes
Turn   | Place    | Note
-------+----------+-------------------------------------------
     0 | D:1      | kosoiffoigrumme1174 the Vine Stalker Monk began the quest
                  | for the Orb.
     0 | D:1      | Reached XP level 1. HP: 13/13 MP: 3/3
    41 | D:1      | Reached XP level 2. HP: 18/18 MP: 4/4
   242 | D:1      | Reached skill level 1 in Unarmed Combat
   710 | D:2      | Reached XP level 3. HP: 20/23 MP: 3/5
  1519 | D:3      | Reached skill level 4 in Dodging
  1577 | D:3      | Found a bloodstained altar of Trog.
  1654 | D:3      | Reached XP level 4. HP: 28/28 MP: 6/6
  1895 | D:3      | Found an opulent altar of Gozag.
  1895 | D:3      | Found a corrupted altar of Lugonu.
  1901 | D:3      | Found a hide-covered altar of Uskayaw.
  1907 | D:3      | Found a faded altar of an unknown god.
  1930 | D:3      | Found a glowing silver altar of Zin.
  2224 | D:4      | Reached XP level 5. HP: 7/33 MP: 1/7
  2406 | D:4      | Noticed an ogre
  2422 | D:4      | Killed an ogre
  2423 | D:4      | Reached skill level 5 in Dodging
  2423 | D:4      | Gained mutation: You have razor-sharp teeth. [Vine Stalker
                  | growth]
  2423 | D:4      | Reached XP level 6. HP: 29/38 MP: 4/8
  2458 | D:4      | Noticed a sky beast
  2485 | D:4      | Reached XP level 7. HP: 38/44 MP: 6/9
  2599 | D:4      | Found a basalt altar of Yredelemnul.
  2600 | D:4      | Found a sparkling altar of Nemelex Xobeh.
  2601 | D:4      | Found a shimmering blue altar of Sif Muna.
  2602 | D:4      | Found a shattered altar of Ashenzari.
  2602 | D:4      | Found a sacrificial altar of Ru.
  2611 | D:4      | Reached skill level 6 in Dodging
  2633 | D:4      | Found a blossoming altar of Fedhas.
  2633 | D:4      | Found a snail-covered altar of Cheibriados.
  2634 | D:4      | Found a glowing golden altar of the Shining One.
  2691 | D:4      | Noticed Natasha
  2699 | D:4      | Killed Natasha
  2700 | D:4      | Reached skill level 5 in Fighting
  3027 | D:5      | Entered Level 5 of the Dungeon
  3027 | D:5      | Found the ring of the Octopus King
  3030 | D:5      | Got a ring of the Octopus King
  3031 | D:5      | Identified a ring of the Octopus King {AC+1 EV+1 Str+1
                  | Int+1 Dex+1 Stlth++} (You found it on level 5 of the
                  | Dungeon)
  3302 | D:5      | Gained mutation: Your bite drains your enemy's life force.
                  | [Twilight Stalker growth]
  3302 | D:5      | Gained mutation: Your stealth is less affected by armour.
                  | [Twilight Stalker growth]
  3302 | D:5      | Gained mutation: You are slightly more attuned to the
                  | shadows. [Twilight Stalker growth]
  3302 | D:5      | Reached XP level 8. HP: 41/49 MP: 8/10
  3359 | D:5      | Reached skill level 5 in Unarmed Combat
  3650 | D:5      | Reached skill level 7 in Dodging
  3722 | D:6      | Found Xiuqenao's General Store.
  3725 | D:6      | Bought a +1 helmet for 115 gold pieces
  3757 | D:6      | Bought a scroll of enchant weapon for 75 gold pieces
  3757 | D:6      | Bought a scroll of identify for 20 gold pieces
  4167 | D:6      | Reached XP level 9. HP: 24/56 MP: 4/11
  4262 | D:6      | Found a staircase to the Ecumenical Temple.
  4403 | Temple   | Entered the Ecumenical Temple
  4613 | Temple   | Became a worshipper of Warmaster Okawaru
  4613 | Temple   | Reached * piety under Okawaru
  4613 | Temple   | Reached ** piety under Okawaru
  4850 | D:7      | Noticed Joseph
  4936 | D:7      | Reached skill level 8 in Dodging
  5519 | D:7      | Reached *** piety under Okawaru
  5520 | D:7      | Reached skill level 9 in Dodging
  5595 | D:7      | Found Madghis's Jewellery Shoppe.
  5622 | D:7      | Reached XP level 10. HP: 61/64 MP: 10/12
  5830 | D:7      | Found a hazy altar of Hepliaklqana.
  5833 | D:7      | Found a shadowy altar of Dithmenos.
  5892 | D:7      | Killed Joseph
  6302 | D:7      | HP: 1/64 [killer bee (3)]
  6303 | D:7      | Succumbed to a killer bee's poison

Skill      XL: |  1  2  3  4  5  6  7  8  9 10 |
---------------+-------------------------------+-----
Unarmed Combat | 1 2 3 4 6 7 8 |  8.4
Fighting       | 3 4 5 6 7 8 |  8.3
Dodging        | 4 5 6 7 9 |  9.9
Axes           | |  2.6
Stealth        | |  3.0
Invocations    | |  2.0

Action                   |  1- 3 |  4- 6 |  7- 9 | 10-12 || total
-------------------------+-------+-------+-------+-------++-------
Melee: Hand axe          |   130 |   143 |    74 |       ||   347
       Bite              |    15 |    20 |    86 |    26 ||   147
       Punch             |       |     1 |     8 |     3 ||    12
       War axe           |       |       |    94 |    49 ||   143
       Rapier            |       |       |    15 |       ||    15
       Dagger            |       |       |   106 |    11 ||   117
Throw: Tomahawk          |       |    24 |    82 |     2 ||   108
Invok: Heroism           |       |       |       |     2 ||     2
  Use: Scroll            |     3 |       |     6 |     1 ||    10
       Potion            |       |       |       |     2 ||     2
 Stab: Sleeping          |     5 |     1 |    10 |       ||    16
       Distracted        |       |       |     1 |       ||     1
  Eat: Chunk             |     6 |     8 |    18 |     3 ||    35
       Ration            |       |       |     2 |       ||     2
Armor: Ring mail         |    22 |    67 |    62 |       ||   151
       Robe              |     1 |       |       |       ||     1
       Chain mail        |       |       |    66 |    59 ||   125
Dodge: Dodged            |    80 |   172 |   205 |   113 ||   570
